| TOP OF THE 1ST |
|
Columbus Clippers batting - Pitching for Round Rock Express : RHP Joe Bradford
|
|
Pitching: RHP Joe Bradford
|
|
|
Batting: LHB Jesus Lozano
|
0-0: Foul Ball, location: 2F 0-1: Foul Ball, location: 2F 0-2: Foul Ball, location: 2F 0-2: Fly out, F8 (Line Drive, 8LS, EV 96.9 MPH)
|
|
Batting: LHB Zack Berney
|
0-0: DOUBLE (Flyball, 89D, EV 101.2 MPH)
|
|
Batting: LHB Zion Davidson
|
0-0: Ball 1-0: Called Strike 1-1: Foul Ball, location: 2F 1-2: Foul Ball, location: 2F 1-2: SINGLE (Groundball, 56D, EV 103.8 MPH) Zack Berney to third
|
|
Batting: RHB Mike Quackenbush
|
0-0: Ball Zion Davidson steals 2nd base 1-0: Ground out 5-3 (Groundball, 56S, EV 86.2 MPH) Zack Berney scores
|
|
Batting: RHB Chad Thompson
|
0-0: Ball 1-0: Fly out, F8 (Flyball, 89XD, EV 96.9 MPH)
|
| Top of the 1st over - 1 run, 2 hits, 0 errors, 1 left on base; Columbus 1 - Round Rock 0 |
| BOTTOM OF THE 1ST |
|
Round Rock Express batting - Pitching for Columbus Clippers : RHP Matt Zambon
|
|
Pitching: RHP Matt Zambon
|
|
|
Batting: RHB Jonathan Rangel
|
0-0: Ground out 5-3 (Groundball, 5L, EV 99.4 MPH)
|
|
Batting: RHB Doug Hammertime
|
0-0: Ball 1-0: SINGLE (Line Drive, 4D, EV 100.6 MPH)
|
|
Batting: RHB Noah Stanley
|
0-0: Called Strike 0-1: Foul Ball, location: 2F 0-2: Ball 1-2: Strikes out swinging
|
|
Batting: RHB Luis Romero
|
0-0: Swinging Strike Doug Hammertime steals 2nd base (no throw) 0-1: Hit by Pitch
|
|
Batting: RHB Blake Ballard
|
0-0: Foul Ball, location: 2F 0-1: Ball 1-1: Ball 2-1: Called Strike 2-2: Strikes out swinging
|
| Bottom of the 1st over - 0 runs, 1 hit, 0 errors, 2 left on base; Columbus 1 - Round Rock 0 |
| TOP OF THE 2ND |
|
Columbus Clippers batting - Pitching for Round Rock Express : RHP Joe Bradford
|
|
Batting: RHB Kyle Scruggs
|
0-0: Ball 1-0: Swinging Strike 1-1: Ball 2-1: Ground out 5-3 (Groundball, 56S, EV 82.5 MPH)
|
|
Batting: RHB Rick O'Reilly
|
0-0: Foul Ball, location: 2F 0-1: Swinging Strike 0-2: Ball 1-2: Ground out 6-3 (Groundball, 6S, EV 86.2 MPH)
|
|
Batting: RHB George Wagner
|
0-0: Swinging Strike 0-1: Called Strike 0-2: Ball 1-2: Ball 2-2: Fly out, F9 (Line Drive, 89S, EV 96.9 MPH)
|
| Top of the 2nd over - 0 runs, 0 hits, 0 errors, 0 left on base; Columbus 1 - Round Rock 0 |
| BOTTOM OF THE 2ND |
|
Round Rock Express batting - Pitching for Columbus Clippers : RHP Matt Zambon
|
|
Batting: SHB Dan Lash
|
0-0: Called Strike 0-1: Ball 1-1: SINGLE (Groundball, 56D, EV 100.0 MPH)
|
|
Batting: RHB Ivan Colon
|
0-0: Foul Ball, location: 2F 0-1: Foul Ball, location: 2F 0-2: Ball 1-2: Ball 2-2: Grounds into double play, 6-4-3 (Groundball, 56D, EV 83.1 MPH)
|
|
Batting: RHB Jarrod Joyce
|
0-0: Ball 1-0: SINGLE (Groundball, 56D, EV 105.0 MPH)
|
|
Batting: RHB Adryão Anto
|
0-0: Called Strike Jarrod Joyce is caught stealing 2nd base 2-4
|
| Bottom of the 2nd over - 0 runs, 2 hits, 0 errors, 0 left on base; Columbus 1 - Round Rock 0 |
| TOP OF THE 3RD |
|
Columbus Clippers batting - Pitching for Round Rock Express : RHP Joe Bradford
|
|
Batting: RHB Justin Ganey
|
0-0: Ball 1-0: Foul Ball, location: 2F 1-1: Ball 2-1: Ground out 5-3 (Groundball, 56, EV 86.9 MPH)
|
|
Batting: LHB Jesus Lozano
|
0-0: Ball 1-0: Ball 2-0: SINGLE (Groundball, 4M, EV 78.1 MPH) (infield hit)
|
|
Batting: LHB Zack Berney
|
0-0: Foul Ball, location: 2F 0-1: Swinging Strike 0-2: Ball 1-2: Foul Ball, location: 2F 1-2: Ball 2-2: Strikes out looking
|
|
Batting: LHB Zion Davidson
|
0-0: Ball 1-0: Called Strike Jesus Lozano steals 2nd base 1-1: Called Strike 1-2: Ball 2-2: Fly out, F7 (Flyball, 7D, EV 98.1 MPH)
|
| Top of the 3rd over - 0 runs, 1 hit, 0 errors, 1 left on base; Columbus 1 - Round Rock 0 |
| BOTTOM OF THE 3RD |
|
Round Rock Express batting - Pitching for Columbus Clippers : RHP Matt Zambon
|
|
Batting: RHB Adryão Anto
|
0-0: Called Strike 0-1: SINGLE (Line Drive, 7LS, EV 99.4 MPH)
|
|
Batting: RHB Jonathan Rangel
|
0-0: Ball 1-0: Ball 2-0: Ball 3-0: Called Strike 3-1: Base on Balls Adryão Anto to second
|
|
Batting: RHB Doug Hammertime
|
0-0: Called Strike 0-1: Ball 1-1: Ball 2-1: Called Strike 2-2: Ball 3-2: Foul Ball, location: 2F 3-2: Strikes out swinging
|
|
Batting: RHB Noah Stanley
|
0-0: Called Strike 0-1: Foul Ball, location: 2F 0-2: Ball 1-2: Ball 2-2: Grounds into double play, 4-6-3 (Groundball, 4M, EV 105.6 MPH)
|
| Bottom of the 3rd over - 0 runs, 1 hit, 0 errors, 1 left on base; Columbus 1 - Round Rock 0 |
| TOP OF THE 4TH |
|
Columbus Clippers batting - Pitching for Round Rock Express : RHP Joe Bradford
|
|
Batting: RHB Mike Quackenbush
|
0-0: Ball 1-0: Foul Ball, location: 2F 1-1: Called Strike 1-2: Strikes out looking
|
|
Batting: RHB Chad Thompson
|
0-0: Called Strike 0-1: Foul Ball, location: 2F 0-2: Ball 1-2: Ball 2-2: Ground out 6-3 (Groundball, 6M, EV 100.0 MPH)
|
|
Batting: RHB Kyle Scruggs
|
0-0: Called Strike 0-1: Ball 1-1: Foul Ball, location: 2F 1-2: Fly out, F8 (Line Drive, 8RD, EV 91.9 MPH)
|
| Top of the 4th over - 0 runs, 0 hits, 0 errors, 0 left on base; Columbus 1 - Round Rock 0 |
| BOTTOM OF THE 4TH |
|
Round Rock Express batting - Pitching for Columbus Clippers : RHP Matt Zambon
|
|
Batting: RHB Luis Romero
|
0-0: Ball 1-0: Ground out 1-3 (Groundball, 15S, EV 71.9 MPH)
|
|
Batting: RHB Blake Ballard
|
0-0: Foul Ball, location: 2F 0-1: Ball 1-1: Ground out 3-1 (Groundball, 34S, EV 85.6 MPH)
|
|
Batting: SHB Dan Lash
|
0-0: Ball 1-0: SINGLE (Groundball, 4MD, EV 108.1 MPH)
|
|
Batting: RHB Ivan Colon
|
0-0: Ball 1-0: Ball 2-0: Foul Ball, location: 2F 2-1: SINGLE (Groundball, 34D, EV 102.5 MPH) Dan Lash to second Runner from 2nd tries for 3rd, OUT! 9-5
|
| Bottom of the 4th over - 0 runs, 2 hits, 0 errors, 1 left on base; Columbus 1 - Round Rock 0 |
| TOP OF THE 5TH |
|
Columbus Clippers batting - Pitching for Round Rock Express : RHP Joe Bradford
|
|
Batting: RHB Rick O'Reilly
|
0-0: Foul Ball, location: 2F 0-1: Swinging Strike 0-2: Ball 1-2: Ground out 4-3 (Groundball, 4, EV 81.2 MPH)
|
|
Batting: RHB George Wagner
|
0-0: Swinging Strike 0-1: Fly out, F8 (Line Drive, 89D, EV 85.6 MPH)
|
|
Batting: RHB Justin Ganey
|
0-0: Ball 1-0: Called Strike 1-1: SINGLE (Line Drive, 78S, EV 103.8 MPH)
|
|
Batting: LHB Jesus Lozano
|
0-0: Ball Wild Pitch! Justin Ganey to second 1-0: Swinging Strike 1-1: Swinging Strike 1-2: Ball 2-2: Foul Ball, location: 2F 2-2: Ball 3-2: Base on Balls
|
|
Batting: LHB Zack Berney
|
0-0: Foul Ball, location: 2F 0-1: Ground out 5-3 (Groundball, 5S, EV 68.8 MPH)
|
| Top of the 5th over - 0 runs, 1 hit, 0 errors, 2 left on base; Columbus 1 - Round Rock 0 |
| BOTTOM OF THE 5TH |
|
Round Rock Express batting - Pitching for Columbus Clippers : RHP Matt Zambon
|
|
Batting: RHB Jarrod Joyce
|
0-0: Ball 1-0: Ground out 5-3 (Groundball, 56, EV 80.0 MPH)
|
|
Batting: RHB Adryão Anto
|
0-0: Ball 1-0: Ball 2-0: Ball 3-0: Base on Balls
|
|
Batting: RHB Jonathan Rangel
|
0-0: Swinging Strike 0-1: Swinging Strike 0-2: Strikes out swinging Adryão Anto is caught stealing 2nd base 2-4 Batter strikes out.
|
| Bottom of the 5th over - 0 runs, 0 hits, 0 errors, 0 left on base; Columbus 1 - Round Rock 0 |
| TOP OF THE 6TH |
|
Columbus Clippers batting - Pitching for Round Rock Express : RHP Joe Bradford
|
|
Batting: LHB Zion Davidson
|
0-0: Called Strike 0-1: Called Strike 0-2: SINGLE (Groundball, 25, EV 70.0 MPH) (infield hit)
|
|
Batting: RHB Mike Quackenbush
|
Pickoff Play to 1st, Runner tries for 2nd, OUT after rundown. 0-0: Called Strike 0-1: Called Strike 0-2: Ball 1-2: Ball 2-2: Ball 3-2: SINGLE (Groundball, 34D, EV 96.9 MPH)
|
|
Batting: RHB Chad Thompson
|
0-0: Ball 1-0: Called Strike Mike Quackenbush steals 2nd base 1-1: Ball 2-1: Ground out 6-3 (Groundball, 6, EV 105.6 MPH)
|
|
Batting: RHB Kyle Scruggs
|
0-0: Ground out 5-3 (Groundball, 56S, EV 70.6 MPH)
|
| Top of the 6th over - 0 runs, 2 hits, 0 errors, 1 left on base; Columbus 1 - Round Rock 0 |
| BOTTOM OF THE 6TH |
|
Round Rock Express batting - Pitching for Columbus Clippers : RHP Matt Zambon
|
|
Batting: RHB Doug Hammertime
|
0-0: Foul Ball, location: 2F 0-1: Ball 1-1: Foul Ball, location: 2F 1-2: Strikes out looking
|
|
Batting: RHB Noah Stanley
|
0-0: SINGLE (Groundball, 4D, EV 104.4 MPH)
|
|
Batting: RHB Luis Romero
|
0-0: Ball 1-0: Ball 2-0: Called Strike 2-1: Called Strike 2-2: Strikes out looking
|
|
Pinch Hitting: SHB Pat Wilson
|
0-0: Called Strike 0-1: Called Strike 0-2: Ball Noah Stanley steals 2nd base 1-2: Ball 2-2: Ball 3-2: Foul Ball, location: 2F 3-2: Ground out 5-3 (Groundball, 56, EV 105.6 MPH)
|
| Bottom of the 6th over - 0 runs, 1 hit, 0 errors, 1 left on base; Columbus 1 - Round Rock 0 |
| TOP OF THE 7TH |
|
Columbus Clippers batting - Pitching for Round Rock Express : RHP Joe Bradford
|
|
Now in CF: Pat Wilson
|
|
|
Batting: RHB Rick O'Reilly
|
0-0: Called Strike 0-1: Ball 1-1: Swinging Strike 1-2: Ball 2-2: Foul Ball, location: 2F 2-2: Fly out, F7 (Flyball, 78D, EV 90.0 MPH)
|
|
Pitching: RHP Jean-Michel Hamon
|
|
|
Batting: RHB George Wagner
|
0-0: Called Strike 0-1: Ball 1-1: Ground out 5-3 (Groundball, 56S, EV 89.4 MPH)
|
|
Batting: RHB Justin Ganey
|
0-0: Ball 1-0: Foul Ball, location: 2F 1-1: Ball 2-1: Swinging Strike 2-2: Foul Ball, location: 2F 2-2: Ball 3-2: Hit by Pitch
|
|
Batting: LHB Jesus Lozano
|
0-0: Called Strike 0-1: Called Strike 0-2: Fly out, F5 (Popup, 6S, EV 70.0 MPH)
|
| Top of the 7th over - 0 runs, 0 hits, 0 errors, 1 left on base; Columbus 1 - Round Rock 0 |
| BOTTOM OF THE 7TH |
|
Round Rock Express batting - Pitching for Columbus Clippers : RHP Matt Zambon
|
|
Batting: SHB Dan Lash
|
0-0: Ball 1-0: Called Strike 1-1: Ball 2-1: Foul Ball, location: 2F 2-2: Ground out 5-3 (Groundball, 56S, EV 78.8 MPH)
|
|
Batting: RHB Ivan Colon
|
0-0: Called Strike 0-1: Ball 1-1: Foul Ball, location: 2F 1-2: Ball 2-2: Foul Ball, location: 2F 2-2: Fly out, F9 (Flyball, 9LM, EV 76.2 MPH)
|
|
Pinch Hitting: SHB Javy Rosa
|
0-0: Ball 1-0: Foul Ball, location: 2F 1-1: Called Strike 1-2: Foul Ball, location: 2F 1-2: Ball 2-2: Foul Ball, location: 2F 2-2: SINGLE (Line Drive, 6D, EV 94.4 MPH)
|
|
Batting: RHB Adryão Anto
|
0-0: Ball Javy Rosa steals 2nd base 1-0: Foul Ball, location: 2F 1-1: Foul Ball, location: 2F 1-2: SINGLE (Groundball, 4MS, EV 70.0 MPH) (infield hit) Javy Rosa to third
|
|
Pitching: RHP Eduardo Garcia
|
|
|
Pinch Hitting: LHB Cooper Broomhall
|
0-0: 3-RUN HOME RUN (Flyball, 89XD, EV 96.9 MPH), Distance : 392 ft
|
|
Batting: RHB Doug Hammertime
|
0-0: Called Strike 0-1: Ball 1-1: Ball 2-1: DOUBLE (Popup, 56D, EV 76.2 MPH)
|
|
Batting: RHB Noah Stanley
|
0-0: Ball 1-0: Called Strike 1-1: Foul Ball, location: 2F 1-2: Ground out 5-3 (Groundball, 56S, EV 71.2 MPH)
|
| Bottom of the 7th over - 3 runs, 4 hits, 0 errors, 1 left on base; Columbus 1 - Round Rock 3 |
| TOP OF THE 8TH |
|
Columbus Clippers batting - Pitching for Round Rock Express : RHP Jean-Michel Hamon
|
|
Now at 3B: Ivan Colon
|
|
|
Now at SS: Jeremy Boerman
|
|
|
Now in LF: Javy Rosa
|
|
|
Now in CF: Adryão Anto
|
|
|
Now in RF: Ernie Weathersbee
|
|
|
Batting: LHB Zack Berney
|
0-0: Foul Ball, location: 2F 0-1: Called Strike 0-2: Foul Ball, location: 2F 0-2: Strikes out swinging
|
|
Batting: LHB Zion Davidson
|
0-0: Swinging Strike 0-1: Called Strike 0-2: Strikes out looking
|
|
Batting: RHB Mike Quackenbush
|
0-0: Called Strike 0-1: Ball 1-1: Called Strike 1-2: Strikes out swinging
|
| Top of the 8th over - 0 runs, 0 hits, 0 errors, 0 left on base; Columbus 1 - Round Rock 3 |
| BOTTOM OF THE 8TH |
|
Round Rock Express batting - Pitching for Columbus Clippers : RHP Eduardo Garcia
|
|
Batting: RHB Luis Romero
|
0-0: Called Strike 0-1: Called Strike 0-2: Strikes out swinging
|
|
Batting: RHB Ernie Weathersbee
|
0-0: Called Strike 0-1: Ground out 5-3 (Groundball, 5, EV 96.2 MPH)
|
|
Batting: SHB Dan Lash
|
0-0: Ball 1-0: Ball 2-0: Called Strike 2-1: Foul Ball, location: 2F 2-2: Fly out, F7 (Flyball, 7S, EV 89.4 MPH)
|
| Bottom of the 8th over - 0 runs, 0 hits, 0 errors, 0 left on base; Columbus 1 - Round Rock 3 |
| TOP OF THE 9TH |
|
Columbus Clippers batting - Pitching for Round Rock Express : RHP Jean-Michel Hamon
|
|
Pitching: RHP Danny Romero
|
|
|
Batting: RHB Chad Thompson
|
0-0: Ball 1-0: Called Strike 1-1: Ball 2-1: Ball 3-1: Called Strike 3-2: Foul Ball, location: 2F 3-2: Base on Balls
|
|
Pinch Hitting: LHB Tyler Babbitt
|
0-0: Grounds into double play, 6-4-3 (Groundball, 6M, EV 100.0 MPH)
|
|
Pinch Hitting: SHB Scott Scott
|
0-0: Foul Ball, location: 2F 0-1: Swinging Strike 0-2: Ball 1-2: DOUBLE (Line Drive, 89D, EV 105.0 MPH)
|
|
Batting: RHB George Wagner
|
0-0: Called Strike 0-1: Swinging Strike 0-2: Foul Ball, location: 2F 0-2: Ball 1-2: SINGLE (Groundball, 3S, EV 65.0 MPH) (infield hit) Scott Scott to third
|
|
Batting: RHB Justin Ganey
|
0-0: Called Strike 0-1: Called Strike 0-2: Ball 1-2: Strikes out swinging
|
| Top of the 9th over - 0 runs, 2 hits, 0 errors, 2 left on base; Columbus 1 - Round Rock 3 |
|